[Event "Titled Tuesday Blitz January 17 Early 2023"]
[White "Boder, Jan"]
[Black "Kuchava, Ana"]
[WhiteFideId "16243226"]
[BlackFideId "13605348"]
[WhiteElo "2294"]
[BlackElo "2101"]
[Result "1-0"]
[Round "03"]
[TimeControl "180+2"]
[Date "2023.01.17"]
[WhiteClock "0:01:58"]
[BlackClock "0:00:14"]

1. c4 e6 2. g3 Nf6 3. Nf3 d5 4. Bg2 Be7 5. O-O O-O 6. d4 c6 7. Nc3 b6 8. b3 Bb7 9. Qd3 Nbd7 10. Bb2 c5 11. e3 cxd4 12. Nxd4 Nc5 13. Qe2 Rc8 14. Rfd1 Qc7 15. cxd5 Nxd5 16. Nxd5 Bxd5 17. Bxd5 exd5 18. Nf5 f6 19. Qg4 Bd8 20. Rxd5 Qf7 21. Nh6+ 1-0


[Site "https://www.chess.com"]

[Event "Titled Tuesday Blitz January 17 Early 2023"]
[White "Soumya, Swaminathan"]
[Black "Tokhirjonova, Gulrukhbegim"]
[WhiteFideId "5016193"]
[BlackFideId "14203626"]
[WhiteElo "2293"]
[BlackElo "2340"]
[Result "0-1"]
[Round "03"]
[TimeControl "180+2"]
[Date "2023.01.17"]
[WhiteClock "0:00:01"]
[BlackClock "0:00:38"]

1. e4 e5 2. Nf3 Nc6 3. d4 exd4 4. Nxd4 Nf6 5. Nxc6 bxc6 6. e5 Qe7 7. Qe2 Nd5 8. h4 a5 9. c4 Ba6 10. g3 a4 11. a3 Nb6 12. Bg5 Qc5 13. Nd2 h6 14. Bf4 O-O-O 15. Ne4 Qa5+ 16. Qd2 Qxd2+ 17. Nxd2 c5 18. O-O-O Be7 19. h5 Bb7 20. Rh2 Rhe8 21. Bg2 Ba6 22. Bf1 Kb8 23. Be3 Bf8 24. f4 d6 25. Bf2 dxe5 26. fxe5 Rxe5 27. g4 Be7 28. Kc2 Re6 0-1


[Site "https://www.chess.com"]

[Event "Titled Tuesday Blitz January 17 Early 2023"]
[White "Jares, Michal"]
[Black "Kiseleva, Arina"]
[WhiteFideId "386839"]
[BlackFideId "4164989"]
[WhiteElo "2177"]
[BlackElo "1962"]
[Result "1-0"]
[Round "03"]
[TimeControl "180+2"]
[Date "2023.01.17"]
[WhiteClock "0:00:31"]
[BlackClock "0:00:01"]

1. Nf3 d5 2. g3 Nf6 3. Bg2 c6 4. O-O Bg4 5. d4 Nbd7 6. c4 Bxf3 7. Bxf3 e6 8. Qb3 Qb6 9. c5 Qxb3 10. axb3 a6 11. b4 Rc8 12. Nc3 e5 13. dxe5 Nxe5 14. Bg2 Be7 15. Bf4 Ng6 16. Bd2 O-O 17. Rfe1 Rfe8 18. e4 dxe4 19. Nxe4 Nxe4 20. Bxe4 Bf6 21. Bf5 Rcd8 22. Bc3 Bxc3 23. bxc3 Ne5 24. Kf1 g6 25. Bh3 f5 26. Bg2 Kf7 27. Ra2 Nc4 28. Rxe8 Rxe8 29. Re2 Rd8 30. Rc2 Kf6 31. Ke1 Rd7 32. Re2 Ne5 33. Re3 Nc4 34. Re8 Re7+ 35. Rxe7 Kxe7 36. Ke2 Ne5 37. h3 Kd7 38. f4 Nf7 39. Kd3 Kc7 40. g4 fxg4 41. hxg4 Kd7 42. Ke4 Ke6 43. Bf1 Kf6 44. Bc4 Nd8 45. g5+ Kg7 46. Ke5 h5 47. gxh6+ Kxh6 48. Kf6 Kh5 49. Ke7 Kg4 50. Kxd8 Kxf4 51. Kc7 Ke3 52. Kxb7 Kd2 53. Kxc6 Kxc3 54. Bxa6 g5 55. Bc8 1-0


[Site "https://www.chess.com"]

[Event "Titled Tuesday Blitz January 17 Early 2023"]
[White "Warchol, Kamil"]
[Black "Zemlyanskii, Ivan"]
[WhiteFideId "21858241"]
[BlackFideId "24249971"]
[WhiteElo "2173"]
[BlackElo "2300"]
[Result "1-0"]
[Round "03"]
[TimeControl "180+2"]
[Date "2023.01.17"]
[WhiteClock "0:00:05"]
[BlackClock "0:00:03"]

1. e4 c5 2. Nf3 d6 3. d4 Nf6 4. Nc3 cxd4 5. Nxd4 a6 6. Be3 e5 7. Nf3 Be7 8. Bc4 O-O 9. O-O Nc6 10. Bb3 Na5 11. Bg5 Nxb3 12. axb3 Be6 13. Bxf6 Bxf6 14. Nd5 Be7 15. Qd2 f5 16. exf5 Rxf5 17. Rad1 Bf8 18. Qe3 Rc8 19. Nd4 exd4 20. Qxe6+ Rf7 21. Rd2 Rc6 22. Re1 Qg5 23. Rxd4 Rxc2 24. Rf4 Qg6 25. Qe8 Rxf4 26. Ne7+ Kh8 27. Nxg6+ hxg6 28. f3 Rf2 29. Kxf2 Rf6 30. Re6 Rf5 31. Rxd6 Kg8 32. Rd8 Rf6 33. Qe4 Kh7 34. Qh4+ Kg8 35. Qc4+ Kh7 36. Kf1 Be7 37. Qh4# 1-0


[Site "https://www.chess.com"]

[Event "Titled Tuesday Blitz January 17 Early 2023"]
[White "Nugumanov, Bakhtiyar"]
[Black "Dvirnyy, Danyyil"]
[WhiteFideId "13701797"]
[BlackFideId "817570"]
[WhiteElo "2316"]
[BlackElo "2541"]
[Result "0-1"]
[Round "03"]
[TimeControl "180+2"]
[Date "2023.01.17"]
[WhiteClock "0:00:04"]
[BlackClock "0:01:48"]

1. Nf3 Nf6 2. c4 g6 3. Nc3 Bg7 4. g3 O-O 5. Bg2 d6 6. O-O e5 7. d3 Nh5 8. h3 f5 9. Bg5 Qe8 10. Nd5 Rf7 11. e4 c6 12. Nc3 f4 13. g4 Nf6 14. Bxf6 Bxf6 15. d4 Na6 16. Re1 h5 17. g5 Bd8 18. dxe5 dxe5 19. Qd6 Re7 20. Rad1 Bc7 21. Qd2 Be6 22. b3 Nc5 23. Qe2 a5 24. Rd2 Rd8 25. Red1 Red7 26. Nh4 Kg7 27. Nf3 Rxd2 28. Rxd2 Rxd2 29. Qxd2 Qe7 30. h4 Bd6 31. Ne1 Nd7 32. Nd3 Nc5 33. Nxc5 Bxc5 34. Na4 Bb4 35. Qd3 Kf7 36. Nc3 Qc5 37. Ne2 b5 0-1


[Site "https://www.chess.com"]

[Event "Titled Tuesday Blitz January 17 Early 2023"]
[White "Bobkov, Vadim"]
[Black "Real_taiatai"]
[WhiteFideId "34110876"]
[WhiteElo "2249"]
[BlackElo "2315"]
[Result "1-0"]
[Round "03"]
[TimeControl "180+2"]
[Date "2023.01.17"]
[WhiteClock "0:00:21"]
[BlackClock "0:00:11"]

1. d4 e6 2. c4 Nf6 3. Nc3 d5 4. cxd5 exd5 5. Bg5 c6 6. e3 Be7 7. Bd3 O-O 8. Qc2 Nbd7 9. Nge2 Re8 10. O-O Nf8 11. h3 Nh5 12. Bxe7 Qxe7 13. a3 a5 14. Rab1 Be6 15. Na4 Nf6 16. b4 Ne4 17. Nb6 Ra7 18. Bxe4 dxe4 19. Qxe4 Ra6 20. bxa5 Qxa3 21. Ra1 Qb2 22. Qd3 Qb4 23. Rfb1 Qe7 24. Nc3 Qg5 25. d5 Bxh3 26. g3 cxd5 27. Ncxd5 Bf5 28. Qb5 Be4 29. Qxe8 Qg4 30. Ne7+ Kh8 31. Qxf8# 1-0


[Site "https://www.chess.com"]

[Event "Titled Tuesday Blitz January 17 Early 2023"]
[White "Houska, Jovanka"]
[Black "Ordekalog"]
[WhiteFideId "405094"]
[WhiteElo "2338"]
[BlackElo "2578"]
[Result "1-0"]
[Round "03"]
[TimeControl "180+2"]
[Date "2023.01.17"]
[WhiteClock "0:00:21"]
[BlackClock "0:00:07"]

1. Nf3 d5 2. d4 c5 3. e3 Nf6 4. Be2 Nc6 5. O-O Bg4 6. b3 e6 7. Bb2 Bxf3 8. Bxf3 cxd4 9. exd4 Bd6 10. Nd2 g5 11. c4 h5 12. cxd5 exd5 13. Re1+ Kf8 14. Nf1 g4 15. Be2 Ne4 16. f3 Nf6 17. Qd2 Rc8 18. Rac1 h4 19. fxg4 Ne4 20. Qe3 Nb4 21. Rxc8 Qxc8 22. Rc1 Qb8 23. a3 Bf4 24. Qf3 Ng5 25. Qc3 Na2 26. Qc8+ Kg7 27. Qxb8 Rxb8 28. Ra1 Re8 29. Bd3 Be3+ 30. Kh1 Nc1 31. Bxc1 Bxd4 32. Rb1 Re1 33. Bxg5 1-0


[Site "https://www.chess.com"]

[Event "Titled Tuesday Blitz January 17 Early 2023"]
[White "Osmak, Yuliia"]
[Black "Manon-og, Ramon Jr."]
[WhiteFideId "14101602"]
[BlackFideId "5200776"]
[WhiteElo "2440"]
[BlackElo "1999"]
[Result "1-0"]
[Round "03"]
[TimeControl "180+2"]
[Date "2023.01.17"]
[WhiteClock "0:00:08"]
[BlackClock "0:00:07"]

1. e4 c5 2. b3 d6 3. Bb2 Nc6 4. f4 e5 5. Nf3 exf4 6. Bb5 Nf6 7. O-O Be7 8. e5 dxe5 9. Nxe5 Qb6 10. Bxc6+ bxc6 11. Rxf4 c4+ 12. Kh1 cxb3 13. axb3 O-O 14. Nc4 Qc5 15. Ba3 Qg5 16. Bxe7 Qxf4 17. Bxf8 Kxf8 18. Nc3 Ng4 19. g3 Qf2 20. Qe2 Qf5 21. Rf1 Qh5 22. Nd6 Be6 23. h4 Bd5+ 24. Kg1 Rd8 25. Nxd5 Qxd5 26. Rxf7+ Kg8 27. Qe7 Qd4+ 28. Kh1 Qd5+ 29. Kg1 Qd4+ 30. Kg2 Qd5+ 31. Kh3 Nf2+ 32. Rxf2 Qh1+ 33. Kg4 Qd1+ 34. Kh3 Qh1+ 35. Rh2 Qf1+ 36. Rg2 Qh1+ 37. Rh2 Qf1+ 38. Kg4 h5+ 39. Kg5 Qf6+ 40. Qxf6 gxf6+ 41. Kxf6 Rxd6+ 42. Ke5 Rd5+ 43. Ke4 Rc5 44. c4 Ra5 45. d4 Ra3 46. Rb2 Ra1 47. Kf5 Rg1 48. Kg5 Rxg3+ 49. Kxh5 Kg7 50. Ra2 Rxb3 51. Rxa7+ Kf6 52. Ra6 Kf5 53. Rxc6 Rd3 54. Rc5+ Kf6 55. d5 Rd4 56. Rc6+ Kf5 57. d6 Ke6 58. c5 Rd5+ 59. Kg6 Rd4 60. h5 Rg4+ 61. Kh6 Kf6 62. Rc7 Ke6 63. d7 Rd4 64. c6 Ke7 65. Rc8 Rd6+ 66. Kg7 Rd5 67. Re8+ Kd6 68. d8=Q+ Kxc6 69. Qxd5+ Kxd5 70. h6 Kd6 71. h7 Kd7 72. h8=Q 1-0


[Site "https://www.chess.com"]

[Event "Titled Tuesday Blitz January 17 Early 2023"]
[White "Ingebretsen, Jens E"]
[Black "Grot, Blazej"]
[WhiteFideId "1522965"]
[BlackFideId "21835845"]
[WhiteElo "2342"]
[BlackElo "1990"]
[Result "1-0"]
[Round "03"]
[TimeControl "180+2"]
[Date "2023.01.17"]
[WhiteClock "0:00:50"]
[BlackClock "0:00:07"]

1. e4 c5 2. Nf3 e6 3. d4 cxd4 4. Nxd4 Nc6 5. Nc3 Qc7 6. g4 a6 7. Be3 b5 8. Nxc6 dxc6 9. Bg2 Bb7 10. Qd2 Rd8 11. Qe2 Bb4 12. O-O Nf6 13. g5 Nd7 14. f4 Bc5 15. Rad1 Bxe3+ 16. Qxe3 Qb6 17. Kf2 Qxe3+ 18. Kxe3 Ke7 19. Rd2 Nb6 20. b3 Rxd2 21. Kxd2 Rd8+ 22. Ke3 c5 23. a4 b4 24. Nb1 a5 25. Nd2 Ba6 26. Re1 c4 27. Bf1 c3 28. Bxa6 Rxd2 29. Re2 Rxe2+ 30. Bxe2 Kd6 31. Kd4 f6 32. gxf6 gxf6 33. e5+ Ke7 34. Bf3 Nd7 35. Bc6 Nf8 36. Kc5 Ng6 37. exf6+ Kxf6 38. Be4 Nxf4 39. Bxh7 Ke5 40. Kb5 Kd4 41. Kxa5 Nd5 42. Kb5 e5 43. a5 e4 44. a6 e3 45. Bd3 Nc7+ 46. Kb6 Nxa6 47. Kxa6 e2 48. Bxe2 Ke3 49. Bd3 Kd2 50. h4 1-0


[Site "https://www.chess.com"]

[Event "Titled Tuesday Blitz January 17 Early 2023"]
[White "Melian, Juan Sebastian"]
[Black "Zaichenko, Daria"]
[WhiteFideId "3706575"]
[BlackFideId "4197453"]
[WhiteElo "2293"]
[BlackElo "2104"]
[Result "1-0"]
[Round "03"]
[TimeControl "180+2"]
[Date "2023.01.17"]
[WhiteClock "0:00:08"]
[BlackClock "0:00:01"]

1. e4 c5 2. b3 Nc6 3. Bb2 e6 4. Bb5 Be7 5. Bxc6 bxc6 6. Bxg7 Bf6 7. Bxf6 Qxf6 8. Nc3 d5 9. Qf3 Qg7 10. Qg3 Qf6 11. Nh3 Ne7 12. Qf4 Qg7 13. O-O-O Bd7 14. Kb1 e5 15. Qg3 Qf6 16. exd5 cxd5 17. Rhe1 e4 18. Qf4 Qc6 19. Ng5 O-O-O 20. d3 h6 21. Nxf7 Ng6 22. Nxd8 Rxd8 23. Qxh6 exd3 24. Rxd3 Bf5 25. Rd2 d4 26. Na4 c4 27. Qg7 d3 28. cxd3 Bxd3+ 29. Kb2 Nf4 30. Rc1 Ne6 31. Qg4 Kb7 32. Qxe6 Rd6 33. Qe7+ Ka6 34. Qe3 Qd5 35. Nc3 1-0


[Site "https://www.chess.com"]

[Event "Titled Tuesday Blitz January 17 Early 2023"]
[White "Berezin, Viktor"]
[Black "Sovetbekova, Nurai"]
[WhiteFideId "14107872"]
[BlackFideId "13801910"]
[WhiteElo "2307"]
[BlackElo "1764"]
[Result "1-0"]
[Round "03"]
[TimeControl "180+2"]
[Date "2023.01.17"]
[WhiteClock "0:00:06"]
[BlackClock "0:00:03"]

1. d4 Nf6 2. Nf3 g6 3. g3 Bg7 4. Bg2 O-O 5. O-O d6 6. a4 c5 7. d5 e6 8. Nc3 exd5 9. Nxd5 Nc6 10. Bg5 Be6 11. Nxf6+ Bxf6 12. Bxf6 Qxf6 13. Qxd6 Qxb2 14. Ng5 Nd4 15. e3 Rad8 16. Qxc5 b6 17. Qa3 Qxa3 18. Rxa3 Nxc2 19. Rc3 Rc8 20. Rxc8 Bxc8 21. Rc1 Nb4 22. Rc7 a5 23. Nxf7 Rxf7 24. Rxc8+ Kg7 25. Rb8 Rf6 26. f4 Rd6 27. Bf3 Nc2 28. Kf2 Rd2+ 29. Be2 Nb4 30. Kf3 Nc2 31. Rb7+ Kh6 32. Bb5 Ne1+ 33. Kg4 Rxh2 34. Rxb6 Nc2 35. Re6 Rd2 36. Re7 Rd1 37. Be2 Re1 38. Kf3 Ra1 39. Bd3 Nb4 40. Bb5 Ra3 41. g4 g5 42. f5 Nd5 43. Re6+ Kg7 44. Re5 Nf6 45. Re6 Nd5 46. Kf2 Nf6 47. e4 Nxg4+ 48. Ke2 Nf6 49. e5 Nd5 50. Rd6 Nf4+ 51. Kd2 g4 52. f6+ Kf7 53. Bc4+ Kg6 54. f7+ Kg7 55. Rd8 Ng6 56. Rg8+ Kh6 57. Rxg6+ hxg6 58. f8=Q+ Kg5 59. Qf6+ Kh5 60. Qh8+ Kg5 61. Qf6+ Kh5 62. e6 Ra2+ 63. Bxa2 1-0


[Site "https://www.chess.com"]

[Event "Titled Tuesday Blitz January 17 Early 2023"]
[White "Rios Escobar, Adan"]
[Black "Kvaloy, Aksel Bu"]
[WhiteFideId "3403645"]
[BlackFideId "1528815"]
[WhiteElo "2234"]
[BlackElo "2321"]
[Result "1-0"]
[Round "03"]
[TimeControl "180+2"]
[Date "2023.01.17"]
[WhiteClock "0:00:41"]
[BlackClock "0:00:20"]

1. d4 Nf6 2. g3 d5 3. Nf3 c5 4. Bg2 cxd4 5. O-O Nc6 6. Nxd4 e5 7. Nxc6 bxc6 8. c4 Be6 9. Nc3 Qd7 10. Bg5 d4 11. Qa4 Rc8 12. Rad1 Be7 13. e3 O-O 14. exd4 exd4 15. Rfe1 h6 16. Bxf6 Bxf6 17. Ne4 Be7 18. b4 a5 19. c5 f5 20. Nd6 Bxd6 21. Rxd4 Qb7 22. Rxd6 Bc4 23. Qxa5 Ra8 24. Qb6 Qxb6 25. cxb6 Rxa2 26. Rxc6 Bb5 27. Rc5 Bd3 28. Bd5+ Kh8 29. Bxa2 1-0


[Site "https://www.chess.com"]

[Event "Titled Tuesday Blitz January 17 Early 2023"]
[White "Zaksaite, Salomeja"]
[Black "Iljin, Timofey"]
[WhiteFideId "12801496"]
[BlackFideId "14110180"]
[WhiteElo "2283"]
[BlackElo "2329"]
[Result "0-1"]
[Round "03"]
[TimeControl "180+2"]
[Date "2023.01.17"]
[WhiteClock "0:00:01"]
[BlackClock "0:00:44"]

1. d4 f5 2. Nc3 Nf6 3. Nf3 g6 4. g3 Bg7 5. Bg2 O-O 6. O-O d6 7. Re1 Nc6 8. e4 fxe4 9. Nxe4 Nxe4 10. Rxe4 Bf5 11. Re1 e5 12. dxe5 dxe5 13. c3 Qxd1 14. Rxd1 Rad8 15. Rxd8 Rxd8 16. Bg5 Rf8 17. Re1 h6 18. Bc1 e4 19. Nd2 Ne5 20. Nxe4 Nd3 21. Rd1 Bxe4 22. Bxe4 Nxf2 23. Bd5+ Kh7 24. Rf1 Nd3 25. Rxf8 Bxf8 26. Be3 c6 27. Be6 Bc5 28. Bxc5 Nxc5 29. Bc8 b6 30. Kf2 Na4 31. Bd7 Nxb2 32. Bxc6 Nd1+ 33. Ke2 Nxc3+ 34. Kd3 Nxa2 35. Kc4 Kg7 36. Bb5 Kf6 37. Kb3 Kg5 38. Kxa2 Kg4 39. Bf1 Kf3 40. Kb3 Kf2 41. Bd3 g5 42. g4 Kg2 43. Kc4 Kxh2 44. Be2 Kg3 45. Kb5 a5 0-1


[Site "https://www.chess.com"]

[Event "Titled Tuesday Blitz January 17 Early 2023"]
[White "Goltseva, Ekaterina"]
[Black "Skurikhin, Dmitrij"]
[WhiteFideId "24173770"]
[BlackFideId "4161297"]
[WhiteElo "2283"]
[BlackElo "2297"]
[Result "0-1"]
[Round "03"]
[TimeControl "180+2"]
[Date "2023.01.17"]
[WhiteClock "0:00:05"]
[BlackClock "0:00:44"]

1. Nf3 Nf6 2. g3 d5 3. Bg2 c5 4. O-O Nc6 5. d4 cxd4 6. Nxd4 e6 7. c4 Be7 8. Nc3 O-O 9. cxd5 exd5 10. Bg5 Nxd4 11. Qxd4 Be6 12. Rad1 a6 13. e4 dxe4 14. Nxe4 Qxd4 15. Rxd4 Rad8 16. Nxf6+ gxf6 17. Be3 b5 18. a3 a5 19. Rfd1 Rxd4 20. Bxd4 Rc8 21. Re1 Rc2 22. Be4 Rc4 23. Bb6 b4 24. a4 b3 25. Bxa5 Rxa4 26. Bc3 Bb4 27. Bxb4 Rxb4 28. f3 Ra4 29. Re2 f5 30. Bc6 Rc4 31. Bb7 Rc2 32. Kf2 Bc4 0-1


[Site "https://www.chess.com"]

[Event "Titled Tuesday Blitz January 17 Early 2023"]
[White "Lakshmi C"]
[Black "Lehtosaari, Mauri"]
[WhiteFideId "25035347"]
[BlackFideId "501999"]
[WhiteElo "1928"]
[BlackElo "2176"]
[Result "0-1"]
[Round "03"]
[TimeControl "180+2"]
[Date "2023.01.17"]
[WhiteClock "0:00:01"]
[BlackClock "0:00:13"]

1. e4 c5 2. Nf3 e6 3. d4 cxd4 4. Nxd4 Nc6 5. c4 Nf6 6. Nc3 Bb4 7. Nxc6 bxc6 8. e5 Ne4 9. Qd4 Nxc3 10. bxc3 Be7 11. c5 Qa5 12. Be3 f6 13. f4 Ba6 14. Rd1 Rd8 15. Bc4 fxe5 16. fxe5 O-O 17. Bb3 Qb5 18. c4 Qb4+ 19. Rd2 Rf5 20. Kd1 Bg5 21. Bxg5 Rxg5 22. Re1 h6 23. Re4 Rf5 24. Qd6 Rf7 25. Qc7 Rdf8 26. Qxa7 Qc3 27. Re1 Rf2 0-1


[Site "https://www.chess.com"]

[Event "Titled Tuesday Blitz January 17 Early 2023"]
[White "Orujov, Elshad"]
[Black "Buksa, Nataliya"]
[WhiteFideId "13403540"]
[BlackFideId "14123622"]
[WhiteElo "2304"]
[BlackElo "2406"]
[Result "0-1"]
[Round "03"]
[TimeControl "180+2"]
[Date "2023.01.17"]
[WhiteClock "0:00:03"]
[BlackClock "0:00:26"]

1. e4 c5 2. Nf3 Nc6 3. d4 cxd4 4. Nxd4 e5 5. Nb5 d6 6. N1c3 a6 7. Na3 Nf6 8. Bg5 b5 9. Nd5 Be7 10. Bxf6 Bxf6 11. c4 b4 12. Nc2 O-O 13. g3 g6 14. Bg2 Bg7 15. O-O a5 16. Qd3 Be6 17. Rad1 Qb8 18. b3 Qa7 19. Kh1 Qc5 20. f4 Bxd5 21. Qxd5 Nd4 22. Nxd4 exd4 23. e5 Qxd5 24. Bxd5 Rad8 25. Rxd4 dxe5 26. fxe5 Bxe5 27. Re4 Bd6 28. Re3 Kg7 29. Rfe1 h5 30. Kg2 h4 31. Bc6 Rh8 32. Re8 h3+ 33. Kf3 Rdxe8 34. Rxe8 Rxe8 35. Bxe8 f5 36. Bd7 Kf6 37. Bc8 Kg5 38. Ke2 Bc5 39. Kf1 Kf6 40. Bd7 Ke5 41. Bb5 Ke6 42. Bc6 g5 43. Bb7 Ke5 44. Bc6 Bd4 45. Bb7 Kf6 46. Bc6 Be5 47. Kg1 Bd6 48. Bd7 Ke5 49. Bc8 Ke4 50. Bb7+ Ke3 51. Bc8 Ke4 52. Bb7+ Ke5 53. Bc8 Bc5+ 54. Kf1 Ke4 55. Bb7+ Kd3 56. Bc8 Kc2 57. Bxf5+ Kb2 58. Bd7 Kxa2 59. Ba4 g4 60. Bd7 Kxb3 61. Bxg4 a4 62. Bxh3 a3 63. Bf5 a2 64. Kg2 0-1


[Site "https://www.chess.com"]

[Event "Titled Tuesday Blitz January 17 Early 2023"]
[White "Novikov, Evgenij"]
[Black "Player, Edmund C"]
[WhiteFideId "4125380"]
[BlackFideId "406520"]
[WhiteElo "2276"]
[BlackElo "2204"]
[Result "0-1"]
[Round "03"]
[TimeControl "180+2"]
[Date "2023.01.17"]
[WhiteClock "0:01:01"]
[BlackClock "0:00:17"]

1. e4 e6 2. Nf3 d5 3. e5 c5 4. c3 Nc6 5. d3 g6 6. Bf4 Bg7 7. h4 f6 8. exf6 Nxf6 9. Be2 O-O 10. O-O Nh5 11. Bh2 e5 12. c4 e4 13. cxd5 exf3 14. Bxf3 Nd4 15. Bxh5 gxh5 16. Nc3 Qxh4 17. Bg3 Qg4 18. Qxg4 hxg4 19. Rae1 Bf5 20. Re7 Rf7 21. d6 Rxe7 22. dxe7 Kf7 23. Re1 b6 24. Nd5 Ne6 25. Bd6 Bxd3 26. Rxe6 Kxe6 27. Nc7+ Kxd6 28. e8=Q Rxe8 29. Nxe8+ Kd5 30. Nxg7 Bb1 31. a3 Kc4 32. f4 gxf3 33. gxf3 Kb3 34. f4 Kxb2 35. f5 Bxf5 36. Nxf5 c4 37. Kf2 c3 38. Nd4 c2 39. Ne2 c1=Q 40. Nxc1 Kxc1 41. Ke2 Kb2 42. a4 Kb3 43. a5 bxa5 44. Kd3 a4 45. Kd2 a3 46. Kc1 a2 47. Kd2 a1=Q 0-1


[Site "https://www.chess.com"]

[Event "Titled Tuesday Blitz January 17 Early 2023"]
[White "Afanasieva, Alexandra"]
[Black "Shuvalov, Evgenij"]
[WhiteFideId "34126926"]
[BlackFideId "4187237"]
[WhiteElo "1857"]
[BlackElo "2038"]
[Result "0-1"]
[Round "03"]
[TimeControl "180+2"]
[Date "2023.01.17"]
[WhiteClock "0:00:13"]
[BlackClock "0:01:14"]

1. e4 e6 2. d4 d5 3. Nc3 Bb4 4. e5 c5 5. a3 Bxc3+ 6. bxc3 Ne7 7. Bd3 Qc7 8. Qg4 c4 9. Be2 Nf5 10. Nf3 Nc6 11. h4 Bd7 12. h5 h6 13. Qh3 Qa5 14. Bd2 Qa4 15. g4 Nfe7 16. Bd1 Qb5 17. g5 Qb2 18. Rc1 Qxa3 19. gxh6 gxh6 20. Rg1 Nf5 21. Rg4 a5 22. Qg2 Nce7 23. Nh4 Nxh4 24. Rxh4 a4 25. Rg4 Qb2 26. Rg7 a3 27. Qf3 Nf5 0-1


[Site "https://www.chess.com"]

[Event "Titled Tuesday Blitz January 17 Early 2023"]
[White "Bashirli, Saadat"]
[Black "Bambino Filho, Antonio Carlos"]
[WhiteFideId "13429990"]
[BlackFideId "2113163"]
[WhiteElo "1571"]
[BlackElo "2144"]
[Result "1-0"]
[Round "03"]
[TimeControl "180+2"]
[Date "2023.01.17"]
[WhiteClock "0:01:20"]
[BlackClock "0:00:42"]

1. e4 c5 2. Nf3 e6 3. c4 a6 4. Nc3 d6 5. d4 cxd4 6. Nxd4 Nf6 7. Be2 Be7 8. O-O O-O 9. Be3 Qc7 10. f3 b6 11. Qc2 Bb7 12. Rac1 Nbd7 13. Rfd1 Rac8 14. Bg5 Qb8 15. Na4 h6 16. Bxf6 Bxf6 17. Qd2 Be7 18. Nc3 Ne5 19. b3 Ng6 20. Qe3 Bg5 21. Qd3 Bxc1 22. Rxc1 Rfd8 23. Na4 Ba8 24. Rd1 Ne5 25. Qd2 Nc6 26. Nc2 b5 27. cxb5 axb5 28. Nc3 b4 29. Nb5 Ne5 30. Nbd4 d5 31. exd5 Bxd5 32. Nxb4 Ba8 33. Qe1 Rxd4 34. Rxd4 Qb6 35. Qf2 Rc1+ 36. Bf1 Bb7 37. a4 Kh7 38. Rf4 g5 39. Qxb6 1-0


[Site "https://www.chess.com"]

[Event "Titled Tuesday Blitz January 17 Early 2023"]
[White "Dilmukhametov, Artur"]
[Black "Mayank Chakraborty"]
[WhiteFideId "24179922"]
[BlackFideId "25659766"]
[WhiteElo "2276"]
[BlackElo "2025"]
[Result "0-1"]
[Round "03"]
[TimeControl "180+2"]
[Date "2023.01.17"]
[WhiteClock "0:00:05"]
[BlackClock "0:00:23"]

1. d4 Nf6 2. Nc3 e6 3. Bf4 Bb4 4. e3 Nd5 5. Qd2 Nxf4 6. exf4 b6 7. Nf3 Bb7 8. Be2 Nc6 9. O-O O-O 10. a3 Be7 11. Ne4 d5 12. Neg5 h6 13. Nh3 Bf6 14. c3 Ne7 15. g4 g6 16. g5 Bg7 17. Ne5 c5 18. Kh1 Rc8 19. gxh6 Bxh6 20. Rg1 Nf5 21. Bg4 Qh4 22. Bxf5 exf5 23. Ng5 Bxg5 24. fxg5 Rfe8 25. Rg3 Kg7 26. Qe3 cxd4 27. Qxd4 Qe4+ 28. Nf3+ Qxd4 29. Nxd4 Ba6 30. Rd1 Rc7 31. Kg2 Rce7 32. f4 Be2 33. Rd2 Bc4 34. b3 Ba6 35. b4 Bc4 36. Rf3 Re1 0-1


[Site "https://www.chess.com"]

[Event "Titled Tuesday Blitz January 17 Early 2023"]
[White "Tomaszewski, Kacper"]
[Black "Samaganova, Aleksandra"]
[WhiteFideId "1127373"]
[BlackFideId "13800221"]
[WhiteElo "2313"]
[BlackElo "1856"]
[Result "1-0"]
[Round "03"]
[TimeControl "180+2"]
[Date "2023.01.17"]
[WhiteClock "0:00:19"]
[BlackClock "0:00:03"]

1. e4 c5 2. Nf3 e6 3. c3 Nf6 4. e5 Nd5 5. a3 d6 6. d4 cxd4 7. c4 Nb6 8. Bg5 Be7 9. Bxe7 Qxe7 10. Qxd4 dxe5 11. Qxe5 O-O 12. Nc3 Nc6 13. Qe3 Rd8 14. Bd3 e5 15. O-O-O Bg4 16. h3 Bh5 17. Rhe1 Rac8 18. g4 Bg6 19. Bxg6 hxg6 20. Rxd8+ Qxd8 21. Rd1 Qe8 22. c5 Nc4 23. Qe4 b5 24. Nxb5 N6a5 25. Nc3 Rxc5 26. Rd5 Qc8 27. Rxc5 Qxc5 28. Qa8+ Kh7 29. Ng5+ Kh6 30. Nxf7+ Kh7 31. Qh8# 1-0


[Site "https://www.chess.com"]

[Event "Titled Tuesday Blitz January 17 Early 2023"]
[White "Martin, Lewis"]
[Black "Ortega Ruiz, Jose Miguel"]
[WhiteFideId "410551"]
[BlackFideId "2209713"]
[WhiteElo "2135"]
[BlackElo "2351"]
[Result "1-0"]
[Round "03"]
[TimeControl "180+2"]
[Date "2023.01.17"]
[WhiteClock "0:00:44"]
[BlackClock "0:01:40"]

1. e4 d6 2. d4 g6 3. Nf3 Bg7 4. Bc4 a6 5. a4 Bg4 6. c3 Nh6 7. Be3 O-O 8. Nbd2 Bxf3 9. Nxf3 Ng4 10. Bd2 c5 11. O-O cxd4 12. cxd4 Nc6 13. Bc3 Rc8 14. Re1 h5 15. Qb3 Na5 16. Bxa5 Qxa5 17. h3 Nh6 18. Rac1 b6 19. e5 Nf5 20. g4 hxg4 21. hxg4 Nh6 22. Ng5 d5 23. Be2 Rxc1 24. Rxc1 Qd2 25. Qe3 Qxe3 26. fxe3 f6 27. Ne6 Rb8 28. exf6 exf6 29. Rc7 Nf7 30. Bxa6 Bh6 31. Kf2 Nd6 32. Bd3 Re8 33. Nf4 Ne4+ 34. Bxe4 Rxe4 35. Nxd5 Bg5 36. Kf3 Re6 37. e4 Bd2 38. Rb7 Rc6 39. Rxb6 Rc1 40. Nxf6+ Kf8 41. e5 g5 42. Ke4 Re1+ 43. Kf5 Be3 44. Rb8+ Kg7 45. Rb7+ Kf8 46. Kg6 Bxd4 47. Rf7# 1-0


[Site "https://www.chess.com"]

[Event "Titled Tuesday Blitz January 17 Early 2023"]
[White "Sihite, Chelsie Monica Ignesias"]
[Black "Cramling Bellon, Anna"]
[WhiteFideId "7101198"]
[BlackFideId "32009232"]
[WhiteElo "2266"]
[BlackElo "2043"]
[Result "1-0"]
[Round "03"]
[TimeControl "180+2"]
[Date "2023.01.17"]
[WhiteClock "0:01:20"]
[BlackClock "0:00:56"]

1. e4 c5 2. Nf3 e6 3. d4 cxd4 4. Nxd4 Nf6 5. Nc3 Nc6 6. Nxc6 bxc6 7. Bd3 e5 8. O-O Be7 9. f4 d6 10. fxe5 dxe5 11. Qe1 O-O 12. Kh1 Be6 13. Qg3 Qc7 14. Be2 Kh8 15. Bg5 Rad8 16. Rad1 h6 17. Qh4 Ng8 18. Bxe7 Qxe7 19. Qf2 Rxd1 20. Rxd1 f5 21. exf5 Rxf5 22. Qe3 Nf6 23. Qd2 Nd5 24. Nxd5 cxd5 25. Bg4 Rf4 26. Bxe6 Qxe6 27. Re1 e4 28. Qxf4 1-0


[Site "https://www.chess.com"]

[Event "Titled Tuesday Blitz January 17 Early 2023"]
[White "Jumanov, Elbek"]
[Black "TacticalSam94"]
[WhiteFideId "14202905"]
[WhiteElo "2155"]
[BlackElo "2382"]
[Result "1-0"]
[Round "03"]
[TimeControl "180+2"]
[Date "2023.01.17"]
[WhiteClock "0:02:05"]
[BlackClock "0:02:22"]

1. c4 Nf6 2. Nf3 c5 3. Nc3 Nc6 4. d4 cxd4 5. Nxd4 g6 6. g3 Bg7 7. Bg2 Nxd4 8. Qxd4 O-O 9. O-O d6 10. Qd2 Be6 11. b3 Qc7 12. Bb2 a6 13. Rac1 Qa5 14. Rfd1 Rfe8 15. Bxb7 Rad8 16. Nd5 Qxd2 17. Nxf6+ Bxf6 18. Rxd2 Bxb2 19. Rxb2 d5 20. Bxa6 dxc4 21. Bxc4 Bxc4 22. Rxc4 Rd6 23. a4 Red8 24. b4 Rd1+ 25. Kg2 Ra1 26. b5 Rdd1 27. b6 h5 28. b7 h4 29. b8=Q+ Kg7 30. Rxh4 Rg1+ 31. Kh3 Ra3 32. Qh8# 1-0


[Site "https://www.chess.com"]